 Dungeon Sprint DCSS version 0.17-a0-1442-g10bb59b (webtiles) character file.

8458 nuthulu the Brawler (level 11, -11/132 HPs)
             Began as a Troll Monk on June 27, 2015.
             Was the Champion of Makhleb.
             Hit by a large rock thrown by a stone giant (47 damage)
             ... in the Dungeon (Sprint V: "Ziggurat Sprint").
             The game lasted 00:04:43 (908 turns).

nuthulu the Brawler (Troll Monk)                     Turns: 908, Time: 00:04:43

Health: -11/132    AC: 22    Str: 30    XL:     11   Next: 10%
Magic:  10/10      EV:  4    Int:  6    God:    Makhleb [******]
Gold:   0          SH:  0    Dex: 12    Spells: 0 memorised, 10 levels left

rFire  + + .     SeeInvis +       - Unarmed
rCold  + . .     Clarity  .     i - +5 gold dragon armour
rNeg   + + .     SustAt   .     (no shield)
rPois  +         Gourm    +     (helmet restricted)
rElec  .         Spirit   .     (no cloak)
rCorr  .         Warding  +     (gloves unavailable)
rMut   .         NoTele   +     (boots unavailable)
MR     .....                    P - amulet of the Komtur {Ward rN+ SInv}
Stlth  ..........               v - ring of Qiytz {rF+ rN+}
                                G - +6 ring of strength

@: marked, studying 2 skills, not resistant to hostile enchantments, extremely
unstealthy
A: unfitting armour, claws 3, fast metabolism 3, gourmand, regeneration 2,
shaggy fur 1, tough skin 2
a: Minor Destruction, Lesser Servant of Makhleb, Major Destruction, Greater
Servant of Makhleb, Renounce Religion


You were in the Dungeon.
You worshipped Makhleb.
Makhleb was exalted by your worship.
You were very full.

You visited 1 branch

Inventory:

Armour
 a - a +0 robe
 i - a +5 gold dragon armour (worn)
Rods
 N - a +4 rod of the swarm (13/13)
   (You found it in the Dungeon)
Jewellery
 v - the ring of Qiytz (right claw) {rF+ rN+}
   (You found it in the Dungeon)

   [ring of positive energy]

   It protects you from fire.
   It protects you from negative energy.
 C - a +6 ring of dexterity
 D - a +6 ring of dexterity
 E - a +6 ring of intelligence
 F - a +6 ring of intelligence
 G - a +6 ring of strength (left claw)
 H - a +6 ring of strength
 I - an uncursed ring of stealth
 L - an uncursed ring of stealth
 M - an uncursed amulet of resist corrosion
 O - an uncursed ring of protection from magic
 P - the amulet of the Komtur (around neck) {Ward rN+ SInv}
   (You found it in the Dungeon)

   [amulet of warding]

   It may prevent the melee attacks of summoned creatures.
   It protects you from negative energy.
   It lets you see invisible.
Magical devices
 y - a wand of disintegration (7)
 z - a wand of fire (5)
 A - a wand of cold (5)
 B - a wand of draining (5)
Scrolls
 h - 4 scrolls of blinking
 l - 4 scrolls of amnesia
 m - 3 scrolls of recharging
 n - 7 scrolls of fog
 o - a scroll of holy word
 p - 5 scrolls of identify
 q - 5 scrolls of remove curse
 r - 2 scrolls of fear
Potions
 c - 10 potions of curing
 d - 7 potions of heal wounds
 e - 6 potions of haste
 f - 7 potions of magic
 g - a potion of berserk rage
 s - 2 potions of brilliance
 t - 2 potions of invisibility
 u - 4 potions of resistance
 w - 5 potions of agility
 x - 5 potions of might
Books
 J - a manual of Summonings
 Q - a manual of Stealth
Comestibles
 b - 6 bread rations
 j - 42 fruits
 k - 4 meat rations
 K - a chunk of flesh


   Skills:
 - Level 15.2 Fighting
 - Level 4.9 Armour
 - Level 2.4 Dodging
 - Level 1.1 Stealth
 + Level 18.2 Unarmed Combat
 * Level 0.0 Invocations


You had 10 spell levels left.
You didn't know any spells.

Dungeon Overview and Level Annotations

Branches:
Dungeon (1/1)

Altars:
Ashenzari
Cheibriados
Dithmenos
Elyvilon
Fedhas
Gozag
Kikubaaqudgha
Makhleb
Nemelex Xobeh
Okawaru
Qazlal
Ru
Sif Muna
Trog
Vehumet
Xom
Yredelemnul
Zin
The Shining One
Beogh
Jiyva
Lugonu


Innate Abilities, Weirdness & Mutations

You are too large for most types of armour.
You have claws for hands.
Your metabolism is lightning-fast.
You like to eat raw meat.
You heal very quickly.
You are covered in fur (AC +1).
You have very tough skin (AC +2).


Message History

Makhleb accepts your kill.
You feel a little better. The wizard hits you but does no damage.
The vampire mosquito bites you.
Unknown command.
You closely miss the wizard. The wizard hits you but does no damage.
The vampire mosquito barely misses you.
The ironheart preserver completely misses you.
The stone giant throws a large rock.
The large rock hits you!
* * * LOW HITPOINT WARNING * * *
Unknown command.
You claw the wizard!
The wizard begins to bleed from its wounds!
The wizard is moderately wounded.
The vampire mosquito bites you but does no damage.
The wizard hits you but does no damage. The vampire mosquito bites you.
* * * LOW HITPOINT WARNING * * *
The vault sentinel points at you and mumbles some strange words.
A sentinel's mark forms upon you.
The stone giant throws a large rock.
The large rock hits you!!!
You die...

▓▓▓▓▓▓▓▓▓▓▓▓▓▓▓▓▓▓▓
▓...8©8...▓
▓..}.=")..▓
▓...:.)=..▓
▓.........▓
▓.....s...▓
▓...cZs...▓
▓..ppyC...▓
▓..p@.h...▓
▓....(....▓
▓▓▓▓▓▓▓▓▓▓▓


You could see an ironheart preserver (bleeding), a stone giant, a vault
sentinel, a yaktaur, an orb spider, a wizard (bleeding), a raiju, a jumping
spider, a vampire mosquito and an adder simulacrum.

Vanquished Creatures
  A deep elf sorcerer (D)
  A spriggan druid (D)
  A deep elf summoner (D)
  A spiny frog (D)
  4 merfolk (D)
  16 starcursed masses (D)
  8 spriggans (D)
  A yak (D)
  A deep elf fighter (D)
  A deep elf mage (D)
  A human (shapeshifter) (D)
  A basilisk (D)
  3 wolves (D)
  6 black bears (D)
  A porcupine (D)
  3 scorpions (D)
  2 quasits (D)
  A sheep (D)
  2 river rats (D)
  An ufetubus (D)
  2 jackals (D)
  A ball python (D)
59 creatures vanquished.

Vanquished Creatures (others)
  2 spatial maelstroms (D)
  A deep elf fighter (D)
  An adder (D)
4 creatures vanquished.

Grand Total: 63 creatures vanquished

Notes
Turn   | Place    | Note
--------------------------------------------------------------
     0 | D        | nuthulu the Troll Monk began the quest for the Orb.
     0 | D        | Reached XP level 1. HP: 22/22 MP: 0/0
     2 | D        | Found an iron altar of Okawaru.
     2 | D        | Found a radiant altar of Vehumet.
     2 | D        | Found a shimmering altar of Xom.
     2 | D        | Found a burning altar of Makhleb.
     7 | D        | Banished a spatial maelstrom
    15 | D        | Found a deep blue altar of Sif Muna.
    18 | D        | Found a corrupted altar of Lugonu.
    18 | D        | Found a white marble altar of Elyvilon.
    18 | D        | Found a roughly hewn altar of Beogh.
    18 | D        | Found a sparkling altar of Nemelex Xobeh.
    18 | D        | Found a viscous altar of Jiyva.
    18 | D        | Found a bloodstained altar of Trog.
    25 | D        | Banished a spatial maelstrom
    36 | D        | Became a worshipper of Makhleb the Destroyer
    36 | D        | Acquired Makhleb's first power
    36 | D        | Acquired Makhleb's second power
    40 | D        | Reached skill level 5 in Unarmed Combat
    40 | D        | Reached XP level 2. HP: 29/29 MP: 1/1
   143 | D        | Entered arena 1.
   147 | D        | Reached skill level 6 in Unarmed Combat
   147 | D        | Reached XP level 3. HP: 34/37 MP: 2/2
   156 | D        | Entered arena 2.
   156 | D        | Noticed a scorpion
   156 | D        | Noticed a scorpion
   156 | D        | Noticed a scorpion
   167 | D        | Killed a scorpion
   167 | D        | Reached skill level 7 in Unarmed Combat
   167 | D        | Reached XP level 4. HP: 39/49 MP: 3/3
   174 | D        | Killed a scorpion
   174 | D        | Acquired Makhleb's third power
   174 | D        | Reached skill level 5 in Fighting
   174 | D        | Reached skill level 8 in Unarmed Combat
   177 | D        | Killed a scorpion
   177 | D        | Reached skill level 9 in Unarmed Combat
   177 | D        | Reached XP level 5. HP: 38/59 MP: 4/4
   236 | D        | Entered arena 3.
   236 | D        | Noticed a merfolk
   236 | D        | Noticed a merfolk
   236 | D        | Noticed a merfolk
   236 | D        | Noticed a merfolk
   247 | D        | Killed a merfolk
   247 | D        | Reached skill level 10 in Unarmed Combat
   247 | D        | Reached XP level 6. HP: 24/72 MP: 5/5
   251 | D        | HP: 2/72 [merfolk/trident (13)]
   258 | D        | Killed a merfolk
   258 | D        | Acquired Makhleb's fourth power
   258 | D        | Reached skill level 11 in Unarmed Combat
   258 | D        | Reached XP level 7. HP: 21/81 MP: 6/6
   261 | D        | Killed a merfolk
   261 | D        | Reached skill level 12 in Unarmed Combat
   264 | D        | Killed a merfolk
   264 | D        | Reached skill level 10 in Fighting
   264 | D        | Reached XP level 8. HP: 32/93 MP: 7/7
   305 | D        | Got the ring of Qiytz {rF+ rN+}
   358 | D        | Entered arena 4.
   358 | D        | Noticed a black bear
   358 | D        | Noticed a wolf
   358 | D        | Noticed a wolf
   358 | D        | Noticed a black bear
   361 | D        | Killed a black bear
   361 | D        | Acquired Makhleb's fifth power
   370 | D        | Killed a wolf
   371 | D        | Killed a black bear
   371 | D        | Reached skill level 13 in Unarmed Combat
   377 | D        | Killed a wolf
   399 | D        | Entered arena 5.
   399 | D        | Noticed a quasit
   399 | D        | Noticed a starcursed mass
   399 | D        | Noticed a starcursed mass
   399 | D        | Noticed a quasit
   402 | D        | Paralysed by accursed screaming for 1 turns
   404 | D        | Killed a starcursed mass
   404 | D        | Reached skill level 14 in Unarmed Combat
   405 | D        | Reached XP level 9. HP: 90/106 MP: 8/8
   408 | D        | Killed a starcursed mass
   413 | D        | Killed a starcursed mass
   414 | D        | Killed a starcursed mass
   415 | D        | Killed a starcursed mass
   416 | D        | Reached skill level 15 in Unarmed Combat
   417 | D        | Paralysed by accursed screaming for 1 turns
   420 | D        | Killed a quasit
   421 | D        | Killed a starcursed mass
   424 | D        | Killed a starcursed mass
   426 | D        | Paralysed by accursed screaming for 2 turns
   430 | D        | Killed a starcursed mass
   431 | D        | Killed a starcursed mass
   432 | D        | Killed a starcursed mass
   433 | D        | Paralysed by accursed screaming for 1 turns
   434 | D        | Killed a starcursed mass
   435 | D        | Killed a starcursed mass
   438 | D        | Killed a quasit
   440 | D        | Killed a starcursed mass
   441 | D        | Killed a starcursed mass
   442 | D        | Killed a starcursed mass
   443 | D        | Killed a starcursed mass
   447 | D        | Got the amulet "Yrpharghe" {Stasis rElec}
   528 | D        | Entered arena 6.
   528 | D        | Noticed a deep elf fighter
   528 | D        | Noticed a fire crab
   528 | D        | Noticed a deep elf fighter
   528 | D        | Noticed a deep elf mage
   528 | D        | Noticed a deep elf summoner
   528 | D        | Noticed a deep elf sorcerer
   529 | D        | Noticed a demonic crawler
   530 | D        | Noticed a demonic crawler
   535 | D        | Noticed a spiny frog
   535 | D        | a fire crab changed into a spiny frog
   538 | D        | Killed a deep elf fighter
   542 | D        | Noticed a hellwing
   542 | D        | Killed a deep elf fighter
   543 | D        | a spiny frog changed into a human
   547 | D        | Killed a deep elf sorcerer
   547 | D        | Reached skill level 16 in Unarmed Combat
   547 | D        | Reached XP level 10. HP: 76/120 MP: 9/9
   549 | D        | Killed a deep elf mage
   552 | D        | Killed a deep elf summoner
   696 | D        | Entered arena 7.
   696 | D        | Noticed a wolf
   696 | D        | Noticed a spriggan
   696 | D        | Noticed a black bear
   696 | D        | Noticed a black bear
   696 | D        | Noticed a spriggan
   696 | D        | Noticed a black bear
   702 | D        | Killed a wolf
   702 | D        | Reached skill level 17 in Unarmed Combat
   704 | D        | Killed a spriggan
   708 | D        | Killed a spriggan
   712 | D        | Killed a black bear
   714 | D        | Killed a black bear
   717 | D        | Killed a black bear
   774 | D        | Entered arena 8.
   774 | D        | Noticed a spiny frog
   774 | D        | Noticed a yak
   774 | D        | Noticed a porcupine
   774 | D        | Noticed a basilisk
   777 | D        | Killed a porcupine
   781 | D        | Killed a basilisk
   785 | D        | Killed a spiny frog
   791 | D        | Killed a yak
   802 | D        | Got the amulet of the Komtur {Ward rN+ SInv}
   858 | D        | Entered arena 9.
   858 | D        | Noticed a spriggan
   858 | D        | Noticed a spriggan
   858 | D        | Noticed a spriggan
   858 | D        | Noticed a spriggan
   858 | D        | Noticed a black bear
   858 | D        | Noticed a spriggan
   858 | D        | Noticed a spriggan
   858 | D        | Noticed a spriggan druid
   864 | D        | Killed a spriggan druid
   867 | D        | Killed a spriggan
   867 | D        | Reached skill level 15 in Fighting
   868 | D        | Killed a spriggan
   868 | D        | Reached XP level 11. HP: 132/132 MP: 10/10
   869 | D        | Killed a black bear
   869 | D        | Reached skill level 18 in Unarmed Combat
   874 | D        | Killed a spriggan
   875 | D        | Killed a spriggan
   885 | D        | Killed a spriggan
   886 | D        | Killed a spriggan
   898 | D        | Entered arena 10.
   898 | D        | Noticed a raiju
   898 | D        | Noticed a vault sentinel
   898 | D        | Noticed a wizard
   898 | D        | Noticed an orb spider
   898 | D        | Noticed a jumping spider
   898 | D        | Noticed a yaktaur
   898 | D        | Noticed a stone giant
   898 | D        | Noticed an ironheart preserver
   899 | D        | Noticed a vampire mosquito
   908 | D        | Hit by a large rock thrown by a stone giant

Vault maps used:
D:        sprint_v

Action                   |  1- 3 |  4- 6 |  7- 9 | 10-12 || total
-------------------------+-------+-------+-------+-------++-------
Melee: Unarmed           |    12 |    24 |    74 |    73 ||   183
  Use: Potion            |     1 |     3 |     2 |       ||     6
  Eat: Chunk             |       |       |     5 |     9 ||    14
